 Dungeon Crawl Stone Soup version 0.30.0-21-gd299b56b3f (webtiles) character file.

Game seed: 11990327093041650897

32827 qw the Cleaver (level 13, -1/84 HPs)
             Began as a Gargoyle Fighter on June 2, 2023.
             Was an Elder of Okawaru.
             Slain by an elephant (3 damage)
             ... on level 5 of the Lair of Beasts.
             The game lasted 00:07:00 (13125 turns).

qw the Cleaver (Gargoyle Fighter)                  Turns: 13125, Time: 00:07:00

Health: -1/84      AC: 38    Str: 25    XL:     13   Next: 67%
Magic:  20/20      EV:  9    Int:  9    God:    Okawaru [****..]
Gold:   1035       SH:  6    Dex:  9    Spells: 12/12 levels left

rFire   . . .        Y - +1 broad axe
rCold   . . .        c - +0 buckler
rNeg    + . .        x - +0 plate armour
rPois   inf          i - +0 helmet
rElec   +            e - +0 cloak
rCorr   .            f - +1 pair of gloves
SInv    +            (no boots)
Will    .....        (no amulet) Stlth
                     h - +4 ring of protection
HPRegen 0.34/turn    j - ring of see invisible
MPRegen 0.17/turn

%: no passive effects
@: heroic
A: sickness immunity, AC +9, negative energy resistance 1, electricity
resistance, torment resistance 1, petrification resistance, iridescent scales 1
a: Renounce Religion, Heroism, Finesse


You were on level 5 of the Lair of Beasts.
You worshipped Okawaru.
Okawaru was greatly pleased with you.
You visited 3 branches of the dungeon, and saw 14 of its levels.

You collected 1035 gold pieces.


Innate Abilities, Weirdness & Mutations

You are immune to sickness and miasma.
Your stone body is resilient. (AC +9)
You are immune to poison.
You resist negative energy. (rN+)
You are resistant to electric shocks. (rElec)
You are resistant to unholy torment.
You are immune to petrification.
You are partially covered in iridescent scales. (AC +2)


   Skills:
 - Level 11.0(16.0) Fighting
 + Level 14.0(19.0) Axes
 - Level 4.0(9.0) Throwing
 - Level 10.0(15.0) Armour
 - Level 2.0(7.0) Dodging
 - Level 7.2(12.2) Shields
 - Level 10.0 Invocations


You had 12 spell levels left.
You didn't know any spells.
Your spell library was empty.

Inventory:

Hand Weapons
 o - a +1 hand axe of flaming
 Y - a +1 broad axe (weapon)
Missiles
 u - 4 javelins (quivered)
 v - 3 boomerangs
Armour
 b - the scarf of the Yeti {harm, rC+ Str+4}
   (You acquired it on level 3 of the Dungeon)

   Str:       It affects your strength (+4).
   rC:        It protects you from cold.
 c - a +0 buckler (worn)
 e - a +0 cloak (worn)
 f - a +1 pair of gloves (worn)
 i - a +0 helmet (worn)
 x - a +0 plate armour (worn)
Jewellery
 h - a +4 ring of protection (left hand)
 j - a ring of see invisible (right hand)
 n - a ring of ice
 q - a ring of protection from fire
 t - the ring of Ilesut {rC+ Dex+3}
   (You found it on level 2 of the Lair of Beasts)

   [ring of protection from cold]

   Dex:       It affects your dexterity (+3).
   rC:        It protects you from cold.
 y - a ring of protection from fire
 z - a ring of resist corrosion
 A - a ring of resist corrosion
Scrolls
 a - 6 scrolls of identify
Potions
 d - 2 potions of might
 g - 2 potions of mutation
 k - 3 potions of haste
 l - 4 potions of curing
 m - a potion of lignification
 p - a potion of magic
 s - a potion of attraction

Dungeon Overview and Level Annotations

Branches:
Dungeon (8/15)             Temple (1/1) D:4            Lair (5/5) D:8
 Shoals (0/4) Lair:3        Snake (0/4) Lair:2        Slime (0/5) Lair:4

Altars:
Ashenzari
Cheibriados
Dithmenos
Elyvilon
Gozag
Makhleb
Okawaru
Qazlal
Ru
Sif Muna
Trog
Uskayaw
Vehumet
Wu Jian
Xom
Yredelemnul
Zin
The Shining One
Jiyva


Message History

You barely miss the elephant.
The elephant is moderately wounded.
You hit the bullfrog. You slash the bullfrog! You slash the plant!
You hit the elephant.
The bullfrog hits you but does no damage.
The bullfrog closely misses you.
Your unstable footing causes you to fumble your attack.
A nearby plant withers and dies.
A vampire mosquito comes into view.
You block the bullfrog's attack.
A cane toad comes into view.
The blink frog blinks!
The elephant tramples you!
You hold your ground!
The elephant trunk-slaps you but does no damage.
The elephant tramples you but does no damage.
The elephant closely misses you. The bullfrog barely misses you.
The vampire mosquito buzzes angrily.
You slash the bullfrog!
You kill the bullfrog!
Okawaru accepts your kill.
You slash the elephant! You closely miss the bullfrog. You slash the elephant!
You closely miss the cane toad. You slash the elephant!
Your surroundings seem slightly different.
A bullfrog comes into view.
Found an escape hatch in the ceiling.
The bullfrog croaks.
You hear an angry hiss.
Enter note:
Enter note:
Enter note:
Enter note:
Enter note:
Enter note:
Enter note:
Enter note:
Enter note: You are too injured to fight recklessly!
You hit the elephant but do no damage. You barely miss the cane toad.
You slash the elephant! You slash the bullfrog! You slice the cane toad!!
The elephant tramples you.
You die...

........~~#
.........Y.~###
.......FY~~~~~#
......YYY..~~.~#
.......YYYY~~~~#
..........~.~~~.PP
........F~..~~~FPy
.......YFF..~~~~~P
.......@F.~.~~~~F~
.......F.#..~~~~~~
.....<...# ~~P
.........# ~
..........
#..........#
#......l....
#...........#
#.........


You could see 6 elephants, 3 cane toads, a basilisk, a blink frog, 2 bullfrogs
and 4 dream sheep.

Vanquished Creatures
  Snorg (Lair:4)
  A fire dragon (Lair:4)
  A boulder beetle (Lair:3)
  Sonja (Lair:5)
  A skyshark (Lair:3)
  An oklob plant (Lair:3)
  A manticore (Lair:3)
  2 black mambas
  12 elephants
  9 cane toads
  14 rime drakes
  7 komodo dragons
  A polar bear (Lair:3)
  14 blink frogs
  6 dream sheep (Lair:5)
  A snapping turtle (Lair:3)
  32 yaks
  4 wyverns
  2 basilisks
  10 steam dragons
  2 nagas (Lair:2)
  7 water moccasins
  An ice beast (D:6)
  An orc warrior (D:6)
  3 sky beasts
  5 black bears
  2 ogres
  12 wolves
  A phantom (D:7)
  22 bullfrogs
  2 kobold brigands
  3 scorpions
  4 electric eels
  A howler monkey (D:6)
  A hound (D:7)
  5 jellies
  3 orc priests
  A sleepcap (D:6)
  3 iguanas
  4 orc wizards
  12 adders
  3 white imps
  2 ufetubi
  4 worms
  2 dart slugs
  24 orcs
  10 ball pythons
  9 endoplasms
  8 giant cockroaches
  6 goblins
  6 hobgoblins
  18 kobolds
  7 quokkas
  6 bats
  4 frilled lizards
  2 rats (D:3)
327 creatures vanquished.

Notes
Turn   | Place    | Note
-------+----------+-------------------------------------------
     0 | D:1      | qw the Gargoyle Fighter began the quest for the Orb.
     0 | D:1      | Reached XP level 1. HP: 14/14 MP: 1/1
     0 | D:1      | 0 ||| qw: Version: 0.2-a-102-gdf20003
     0 | D:1      | 0 ||| qw: Game counter: 831
     0 | D:1      | 0 ||| qw: Always use a shield: true
     0 | D:1      | 0 ||| qw: God list: Okawaru
     0 | D:1      | 0 ||| qw: Allow faded altars: false
     0 | D:1      | 0 ||| qw: Do Orc after D:15 true
     0 | D:1      | 0 ||| qw: Do second Lair branch before Depths: true
     0 | D:1      | 0 ||| qw: Lair rune preference: random
     0 | D:1      | 0 ||| qw: Plans: Normal, Zot:1-4, Slime:5, God:TSO, Crypt,
                  | Tomb, Pan, Hells, Abyss, Win
     0 | D:1      | 0 ||| PLANNING D:1-11
    34 | D:1      | Reached skill level 2 in Axes
    48 | D:1      | 48 ||| Stepping ~*~*~tactically~*~*~ (hiding).
   176 | D:1      | Reached XP level 2. HP: 14/19 MP: 2/2
   200 | D:1      | 200 ||| DROPPING +0 club.
   368 | D:1      | 368 ||| Stepping ~*~*~tactically~*~*~ (stealth).
   437 | D:1      | 437 ||| Stepping ~*~*~tactically~*~*~ (stealth).
   462 | D:1      | Reached skill level 3 in Axes
   600 | D:1      | Reached XP level 3. HP: 23/23 MP: 3/3
   610 | D:1      | 610 ||| Stepping ~*~*~tactically~*~*~ (stealth).
   620 | D:1      | 620 ||| Stepping ~*~*~tactically~*~*~ (stealth).
   624 | D:1      | 624 ||| Stepping ~*~*~tactically~*~*~ (stealth).
   827 | D:1      | 827 ||| UPGRADING to +0 cloak.
   832 | D:1      | 832 ||| UPGRADING to +0 pair of gloves.
   837 | D:1      | 837 ||| UPGRADING to +4 ring of protection.
   838 | D:1      | 838 ||| READING scroll labelled HIANWOANO EPUH DOPT.
   839 | D:1      | 839 ||| READING scroll labelled HADGHENLUTI.
   840 | D:1      | 840 ||| DRINKING 3 purple potions.
   849 | D:1      | 849 ||| Stepping ~*~*~tactically~*~*~ (stealth).
   998 | D:2      | Reached XP level 4. HP: 28/28 MP: 4/4
  1107 | D:2      | Identified the +3 long sword of Plague {flame, rElec rCorr
                  | Dex-2 SInv}
  1374 | D:2      | 1374 ||| READING 4 scrolls labelled HUVEUHESTRA.
  1375 | D:2      | 1375 ||| READING scroll labelled QIRHENWOZUO.
  1378 | D:2      | 1378 ||| READING scroll labelled GAPLANLEBBI.
  1479 | D:2      | 1479 ||| DRINKING 2 fizzy white potions.
  1479 | D:2      | Gained mutation: You are partially covered in iridescent
                  | scales. (AC +2) [potion of mutation]
  1480 | D:2      | 1480 ||| READING 3 scrolls of identify.
  1480 | D:2      | 1480 ||| IDENTIFYING dark potion
  1495 | D:3      | Found a broken altar of Ashenzari.
  1587 | D:3      | 1587 ||| Stepping ~*~*~tactically~*~*~ (stealth).
  1609 | D:3      | 1609 ||| Stepping ~*~*~tactically~*~*~ (hiding).
  1652 | D:3      | Reached skill level 4 in Axes
  1749 | D:3      | 1749 ||| Stepping ~*~*~tactically~*~*~ (stealth).
  1771 | D:3      | 1771 ||| DROPPING +0 whip.
  1831 | D:3      | Reached XP level 5. HP: 30/32 MP: 5/5
  2099 | D:3      | 2099 ||| Stepping ~*~*~tactically~*~*~ (stealth).
  2100 | D:3      | 2100 ||| Stepping ~*~*~tactically~*~*~ (stealth).
  2102 | D:3      | 2102 ||| Stepping ~*~*~tactically~*~*~ (stealth).
  2288 | D:3      | 2288 ||| UPGRADING to +0 helmet.
  2293 | D:3      | 2293 ||| UPGRADING to +0 chain mail.
  2303 | D:3      | 2303 ||| DROPPING +0 scale mail.
  2304 | D:3      | 2304 ||| DROPPING ring of flight.
  2305 | D:3      | 2305 ||| READING scroll labelled EQY ZOEN OCKAO.
  2306 | D:3      | 2306 ||| READING 2 scrolls labelled KEUFROCRU EGAR.
  2307 | D:3      | 2307 ||| READING scroll of enchant armour.
  2307 | D:3      | 2307 ||| ENCHANTING +0 pair of gloves.
  2308 | D:3      | 2308 ||| READING 2 scrolls labelled VINAUT ZAFIN.
  2309 | D:3      | 2309 ||| READING scroll labelled SEH XOUDGHOMEI.
  2309 | D:3      | Identified a scroll of acquirement
  2309 | D:3      | 2309 ||| ACQUIRING scarf of the Yeti {harm, rC+ Str+4}
  2309 | D:3      | Acquired the scarf of the Yeti {harm, rC+ Str+4}
  2311 | D:3      | 2311 ||| READING scroll labelled OTISINA BAHAOM.
  2312 | D:3      | 2312 ||| READING 3 scrolls of identify.
  2312 | D:3      | 2312 ||| IDENTIFYING fizzy inky potion
  2313 | D:3      | 2313 ||| DROPPING scroll of magic mapping.
  2356 | D:4      | Noticed a black bear
  2362 | D:4      | 2362 ||| STAIRDANCE
  2369 | D:3      | Killed a black bear
  2370 | D:3      | Reached skill level 5 in Axes
  2370 | D:3      | Reached XP level 6. HP: 18/37 MP: 6/6
  2631 | D:4      | 2631 ||| Stepping ~*~*~tactically~*~*~ (stealth).
  2632 | D:4      | 2632 ||| Stepping ~*~*~tactically~*~*~ (stealth).
  2637 | D:4      | 2637 ||| Stepping ~*~*~tactically~*~*~ (hiding).
  2640 | D:4      | 2640 ||| Stepping ~*~*~tactically~*~*~ (hiding).
  2641 | D:4      | 2641 ||| Stepping ~*~*~tactically~*~*~ (hiding).
  2649 | D:4      | 2649 ||| Stepping ~*~*~tactically~*~*~ (stealth).
  2661 | D:4      | 2661 ||| Stepping ~*~*~tactically~*~*~ (stealth).
  2672 | D:4      | 2672 ||| DRINKING 2 potions of curing.
  2672 | D:4      | 2672 ||| (to cure confusion)
  2755 | D:4      | 2755 ||| Stepping ~*~*~tactically~*~*~ (stealth).
  2757 | D:4      | 2757 ||| Stepping ~*~*~tactically~*~*~ (stealth).
  2826 | D:4      | Reached skill level 6 in Axes
  2914 | D:4      | Found a staircase to the Ecumenical Temple.
  2915 | D:4      | 2915 ||| PLANNING TEMPLE
  2915 | D:4      | 2915 ||| UPGRADING to ring of see invisible.
  2916 | D:4      | 2916 ||| READING scroll labelled IMYARUELIT.
  2917 | D:4      | 2917 ||| READING 4 scrolls of identify.
  2917 | D:4      | 2917 ||| IDENTIFYING sapphire potion
  2918 | D:4      | 2918 ||| DROPPING potion of flight.
  2924 | Temple   | Entered the Ecumenical Temple
  2976 | Temple   | 2976 ||| PLANNING OKAWARU WORSHIP
  3058 | Temple   | Became a worshipper of Warmaster Okawaru
  3058 | Temple   | 3058 ||| PLANNING D:1-11
  3217 | D:4      | 3217 ||| READING 3 scrolls of identify.
  3217 | D:4      | 3217 ||| IDENTIFYING golden potion
  3218 | D:4      | 3218 ||| DROPPING potion of degeneration.
  3227 | D:5      | Entered Level 5 of the Dungeon
  3265 | D:5      | 3265 ||| DROPPING +0 flail.
  3293 | D:5      | 3293 ||| Stepping ~*~*~tactically~*~*~ (stealth).
  3311 | D:5      | Reached skill level 1 in Dodging
  3311 | D:5      | Reached XP level 7. HP: 38/43 MP: 7/7
  3603 | D:5      | Found a shimmering blue altar of Sif Muna.
  3717 | D:5      | Reached * piety under Okawaru
  3718 | D:5      | 3718 ||| INVOKING Heroism.
  3719 | D:5      | 3719 ||| INVOKING Heroism.
  3721 | D:5      | HP: 6/43 [orc priest/divine providence (8)]
  3722 | D:5      | 3722 ||| READING 2 scrolls of teleportation.
  3723 | D:5      | 3723 ||| DRINKING potion of heal wounds.
  3732 | D:5      | Reached skill level 7 in Axes
  3860 | D:5      | 3860 ||| Stepping ~*~*~tactically~*~*~ (hiding).
  3863 | D:5      | 3863 ||| INVOKING Heroism.
  4103 | D:5      | Reached skill level 1 in Invocations
  4152 | D:5      | Reached XP level 8. HP: 48/48 MP: 8/8
  4274 | D:5      | 4274 ||| READING scroll labelled GYTTOW ZIXIMM.
  4275 | D:5      | 4275 ||| READING scroll labelled QERRIJ BUAK.
  4276 | D:5      | 4276 ||| DRINKING 3 white potions.
  4277 | D:5      | 4277 ||| DROPPING 2 potions of brilliance.
  4465 | D:6      | 4465 ||| INVOKING Heroism.
  4519 | D:6      | 4519 ||| INVOKING Heroism.
  4651 | D:6      | 4651 ||| SWAPPING to +0 broad axe.
  4652 | D:6      | 4652 ||| DROPPING +0 war axe.
  4746 | D:6      | 4746 ||| INVOKING Heroism.
  4754 | D:6      | Reached skill level 1 in Throwing
  4839 | D:6      | Reached skill level 3 in Invocations
  4863 | D:6      | 4863 ||| INVOKING Heroism.
  4989 | D:6      | 4989 ||| Stepping ~*~*~tactically~*~*~ (stealth).
  4990 | D:6      | 4990 ||| Stepping ~*~*~tactically~*~*~ (stealth).
  4991 | D:6      | 4991 ||| Stepping ~*~*~tactically~*~*~ (stealth).
  5332 | D:6      | 5332 ||| DRINKING 2 lumpy green potions.
  5375 | D:6      | 5375 ||| DRINKING 2 bubbling yellow potions.
  5471 | D:7      | 5471 ||| INVOKING Heroism.
  5475 | D:7      | Reached skill level 8 in Axes
  5485 | D:7      | Reached XP level 9. HP: 40/55 MP: 10/12
  5486 | D:7      | Reached skill level 6 in Fighting
  5556 | D:7      | 5556 ||| Stepping ~*~*~tactically~*~*~ (hiding).
  5574 | D:7      | Found a flagged portal.
  5611 | D:7      | 5611 ||| Stepping ~*~*~tactically~*~*~ (hiding).
  5641 | D:7      | Reached ** piety under Okawaru
  5647 | D:7      | 5647 ||| INVOKING Heroism.
  5812 | D:7      | Reached skill level 9 in Axes
  6123 | D:7      | 6123 ||| UPGRADING to +1 chain mail of poison resistance.
  6133 | D:7      | 6133 ||| DROPPING +0 chain mail.
  6134 | D:7      | 6134 ||| READING scroll labelled TUTAOZX XUGUW.
  6153 | D:8      | 6153 ||| INVOKING Heroism.
  6181 | D:8      | 6181 ||| Stepping ~*~*~tactically~*~*~ (hiding).
  6182 | D:8      | 6182 ||| Stepping ~*~*~tactically~*~*~ (hiding).
  6184 | D:8      | 6184 ||| Stepping ~*~*~tactically~*~*~ (hiding).
  6186 | D:8      | 6186 ||| DRINKING potion of curing.
  6186 | D:8      | 6186 ||| (to cure confusion)
  6187 | D:8      | 6187 ||| INVOKING Heroism.
  6217 | D:8      | Found a burning altar of Makhleb.
  6407 | D:8      | 6407 ||| Stepping ~*~*~tactically~*~*~ (stealth).
  6408 | D:8      | Noticed an elephant
  6409 | D:8      | Found a staircase to the Lair.
  6410 | D:8      | 6410 ||| INVOKING Heroism.
  6421 | D:8      | Killed an elephant
  6421 | D:8      | Reached *** piety under Okawaru
  6422 | D:8      | Reached XP level 10. HP: 39/63 MP: 11/13
  6428 | D:8      | Reached skill level 10 in Axes
  6728 | D:8      | 6728 ||| PLANNING LAIR
  6728 | D:8      | 6728 ||| READING scroll labelled YMIAHU WOGRY.
  6729 | D:8      | 6729 ||| READING scroll labelled KUTUGA IHUAMIY.
  6730 | D:8      | 6730 ||| READING 7 scrolls of identify.
  6730 | D:8      | 6730 ||| IDENTIFYING pink potion
  6731 | D:8      | 6731 ||| DROPPING potion of ambrosia.
  6758 | Lair:1   | Entered Level 1 of the Lair of Beasts
  6958 | Lair:1   | 6958 ||| Stepping ~*~*~tactically~*~*~ (stealth).
  6968 | Lair:1   | Reached skill level 6 in Armour
  6968 | Lair:1   | 6968 ||| FLEEEEING.
  6969 | Lair:1   | 6969 ||| FLEEEEING.
  6970 | Lair:1   | 6970 ||| FLEEEEING.
  6971 | Lair:1   | 6971 ||| FLEEEEING.
  6972 | Lair:1   | 6972 ||| FLEEEEING.
  6973 | Lair:1   | 6973 ||| FLEEEEING.
  6985 | Lair:1   | Reached **** piety under Okawaru
  6985 | Lair:1   | Received a gift from Okawaru
  7107 | Lair:1   | Noticed a cane toad
  7108 | Lair:1   | 7108 ||| Stepping ~*~*~tactically~*~*~ (stealth).
  7110 | Lair:1   | 7110 ||| Stepping ~*~*~tactically~*~*~ (stealth).
  7112 | Lair:1   | 7112 ||| INVOKING Heroism.
  7117 | Lair:1   | Reached skill level 3 in Throwing
  7123 | Lair:1   | Killed a cane toad
  7123 | Lair:1   | Received a gift from Okawaru
  7140 | Lair:1   | 7140 ||| INVOKING Heroism.
  7216 | Lair:1   | Identified the +0 spear "Killer Klown's Death" {drain, rF+
                  | Will+}
  7286 | Lair:1   | 7286 ||| Stepping ~*~*~tactically~*~*~ (hiding).
  7287 | Lair:1   | 7287 ||| Stepping ~*~*~tactically~*~*~ (hiding).
  7288 | Lair:1   | 7288 ||| Stepping ~*~*~tactically~*~*~ (hiding).
  7294 | Lair:1   | 7294 ||| INVOKING Heroism.
  7450 | Lair:1   | Noticed a black mamba
  7451 | Lair:1   | 7451 ||| INVOKING Heroism.
  7463 | Lair:1   | Killed a black mamba
  8048 | Lair:2   | Reached skill level 6 in Invocations
  8048 | Lair:2   | Reached XP level 11. HP: 65/68 MP: 15/15
  8061 | Lair:2   | Identified the ring of Ilesut {rC+ Dex+3}
  8073 | Lair:2   | 8073 ||| INVOKING Heroism.
  8082 | Lair:2   | Received a gift from Okawaru
  8083 | Lair:2   | Reached skill level 11 in Axes
  8173 | Lair:2   | Found a staircase to the Snake Pit.
  8252 | Lair:2   | 8252 ||| Stepping ~*~*~tactically~*~*~ (stealth).
  8319 | Lair:2   | 8319 ||| INVOKING Heroism.
  8367 | Lair:2   | 8367 ||| Stepping ~*~*~tactically~*~*~ (stealth).
  8369 | Lair:2   | 8369 ||| Stepping ~*~*~tactically~*~*~ (hiding).
  8371 | Lair:2   | 8371 ||| Stepping ~*~*~tactically~*~*~ (hiding).
  8478 | Lair:2   | 8478 ||| INVOKING Heroism.
  8708 | Lair:2   | 8708 ||| UPGRADING to +0 plate armour.
  8718 | Lair:2   | 8718 ||| DROPPING +1 chain mail of poison resistance.
  8719 | Lair:2   | 8719 ||| DROPPING ring of wizardry.
  8720 | Lair:2   | 8720 ||| READING 7 scrolls of identify.
  8720 | Lair:2   | 8720 ||| IDENTIFYING bubbling coppery potion
  8721 | Lair:2   | 8721 ||| READING 6 scrolls of identify.
  8721 | Lair:2   | 8721 ||| IDENTIFYING ruby potion
  8722 | Lair:2   | 8722 ||| DROPPING potion of berserk rage.
  8781 | Lair:3   | 8781 ||| INVOKING Heroism.
  8883 | Lair:3   | 8883 ||| INVOKING Heroism.
  8901 | Lair:3   | 8901 ||| Stepping ~*~*~tactically~*~*~ (stealth).
  8917 | Lair:3   | Noticed a manticore
  8918 | Lair:3   | 8918 ||| Stepping ~*~*~tactically~*~*~ (hiding).
  8922 | Lair:3   | 8922 ||| INVOKING Heroism.
  8929 | Lair:3   | Killed a manticore
  8929 | Lair:3   | Reached ***** piety under Okawaru
  8933 | Lair:3   | 8933 ||| Stepping ~*~*~tactically~*~*~ (stealth).
  8944 | Lair:3   | Noticed a boulder beetle
  8945 | Lair:3   | 8945 ||| INVOKING Finesse.
  8973 | Lair:3   | Killed a boulder beetle
  8991 | Lair:3   | 8991 ||| FLEEEEING.
  8992 | Lair:3   | 8992 ||| FLEEEEING.
  8993 | Lair:3   | 8993 ||| FLEEEEING.
  9066 | Lair:3   | 9066 ||| FLEEEEING.
  9067 | Lair:3   | 9067 ||| FLEEEEING.
  9070 | Lair:3   | 9070 ||| STAIRDANCE
  9114 | Lair:3   | 9114 ||| STAIRDANCE
  9218 | Lair:3   | 9218 ||| INVOKING Heroism.
  9272 | Lair:3   | Reached skill level 9 in Invocations
  9285 | Lair:3   | 9285 ||| Stepping ~*~*~tactically~*~*~ (stealth).
  9287 | Lair:3   | 9287 ||| INVOKING Heroism.
  9304 | Lair:3   | Reached skill level 9 in Fighting
  9468 | Lair:3   | Noticed an oklob plant
  9469 | Lair:3   | 9469 ||| INVOKING Heroism.
  9470 | Lair:3   | 9470 ||| INVOKING Finesse.
  9487 | Lair:3   | Killed an oklob plant
  9488 | Lair:3   | Reached XP level 12. HP: 29/76 MP: 13/19
  9719 | Lair:3   | 9719 ||| INVOKING Heroism.
  9751 | Lair:3   | 9751 ||| Stepping ~*~*~tactically~*~*~ (stealth).
  9840 | Lair:3   | 9840 ||| Stepping ~*~*~tactically~*~*~ (stealth).
  9843 | Lair:3   | Noticed a skyshark
  9858 | Lair:3   | 9858 ||| INVOKING Heroism.
  9871 | Lair:3   | HP: 11/76 [skyshark (12)]
  9872 | Lair:3   | 9872 ||| READING 4 scrolls of teleportation.
  9873 | Lair:3   | 9873 ||| DRINKING 2 potions of heal wounds.
  9874 | Lair:3   | Killed a skyshark
  9874 | Lair:3   | Received a gift from Okawaru
 10060 | Lair:3   | Found a staircase to the Shoals.
 10074 | Lair:3   | 10074 ||| INVOKING Heroism.
 10207 | Lair:3   | 10207 ||| Stepping ~*~*~tactically~*~*~ (stealth).
 10208 | Lair:3   | 10208 ||| Stepping ~*~*~tactically~*~*~ (stealth).
 10209 | Lair:3   | 10209 ||| Stepping ~*~*~tactically~*~*~ (stealth).
 10211 | Lair:3   | 10211 ||| Stepping ~*~*~tactically~*~*~ (hiding).
 10872 | Lair:4   | Reached skill level 12 in Axes
 10881 | Lair:4   | 10881 ||| INVOKING Heroism.
 11019 | Lair:4   | Found a viscous altar of Jiyva.
 11019 | Lair:4   | Found a staircase to the Slime Pits.
 11100 | Lair:4   | 11100 ||| Stepping ~*~*~tactically~*~*~ (stealth).
 11110 | Lair:4   | Received a gift from Okawaru
 11116 | Lair:4   | 11116 ||| INVOKING Heroism.
 11120 | Lair:4   | Reached skill level 9 in Armour
 11126 | Lair:4   | Reached skill level 6 in Shields
 11351 | Lair:4   | 11351 ||| INVOKING Heroism.
 11377 | Lair:4   | 11377 ||| Stepping ~*~*~tactically~*~*~ (stealth).
 11381 | Lair:4   | 11381 ||| Stepping ~*~*~tactically~*~*~ (stealth).
 11384 | Lair:4   | 11384 ||| Stepping ~*~*~tactically~*~*~ (stealth).
 11528 | Lair:4   | 11528 ||| Stepping ~*~*~tactically~*~*~ (stealth).
 11536 | Lair:4   | 11536 ||| Stepping ~*~*~tactically~*~*~ (water).
 11543 | Lair:4   | 11543 ||| FLEEEEING.
 11544 | Lair:4   | 11544 ||| FLEEEEING.
 11545 | Lair:4   | 11545 ||| FLEEEEING.
 11546 | Lair:4   | 11546 ||| FLEEEEING.
 11548 | Lair:4   | 11548 ||| FLEEEEING.
 11549 | Lair:4   | 11549 ||| FLEEEEING.
 11550 | Lair:4   | 11550 ||| FLEEEEING.
 11551 | Lair:4   | 11551 ||| FLEEEEING.
 11553 | Lair:4   | 11553 ||| STAIRDANCE
 11616 | Lair:4   | 11616 ||| Stepping ~*~*~tactically~*~*~ (water).
 11618 | Lair:4   | Received a gift from Okawaru
 11655 | Lair:4   | Noticed Snorg
 11656 | Lair:4   | 11656 ||| INVOKING Heroism.
 11683 | Lair:4   | Killed Snorg
 11825 | Lair:4   | 11825 ||| Stepping ~*~*~tactically~*~*~ (stealth).
 11827 | Lair:4   | 11827 ||| Stepping ~*~*~tactically~*~*~ (stealth).
 11829 | Lair:4   | 11829 ||| INVOKING Heroism.
 11858 | Lair:4   | 11858 ||| INVOKING Heroism.
 11867 | Lair:4   | Reached skill level 13 in Axes
 12050 | Lair:4   | 12050 ||| Stepping ~*~*~tactically~*~*~ (stealth).
 12051 | Lair:4   | 12051 ||| INVOKING Heroism.
 12099 | Lair:4   | 12099 ||| INVOKING Heroism.
 12107 | Lair:4   | Reached XP level 13. HP: 82/82 MP: 18/20
 12118 | Lair:4   | Received a gift from Okawaru
 12173 | Lair:4   | 12173 ||| FLEEEEING.
 12173 | Lair:4   | HP: 16/82 [something/ball of steam (21)]
 12174 | Lair:4   | 12174 ||| Stepping ~*~*~tactically~*~*~ (cloud).
 12177 | Lair:4   | 12177 ||| FLEEEEING.
 12178 | Lair:4   | 12178 ||| FLEEEEING.
 12179 | Lair:4   | 12179 ||| FLEEEEING.
 12180 | Lair:4   | 12180 ||| FLEEEEING.
 12181 | Lair:4   | 12181 ||| FLEEEEING.
 12182 | Lair:4   | 12182 ||| READING 6 scrolls of teleportation.
 12183 | Lair:4   | 12183 ||| Stepping ~*~*~tactically~*~*~ (cloud).
 12404 | Lair:4   | Noticed a fire dragon
 12405 | Lair:4   | 12405 ||| Stepping ~*~*~tactically~*~*~ (stealth).
 12410 | Lair:4   | 12410 ||| INVOKING Heroism.
 12411 | Lair:4   | 12411 ||| INVOKING Finesse.
 12422 | Lair:4   | Killed a fire dragon
 12506 | Lair:4   | 12506 ||| INVOKING Heroism.
 12516 | Lair:4   | 12516 ||| Stepping ~*~*~tactically~*~*~ (cloud).
 12771 | Lair:5   | Entered Level 5 of the Lair of Beasts
 12790 | Lair:5   | Found a snail-covered altar of Cheibriados.
 12798 | Lair:5   | 12798 ||| INVOKING Heroism.
 12839 | Lair:5   | Reached skill level 14 in Axes
 12868 | Lair:5   | 12868 ||| INVOKING Heroism.
 12984 | Lair:5   | 12984 ||| INVOKING Heroism.
 13037 | Lair:5   | Noticed Sonja
 13038 | Lair:5   | 13038 ||| INVOKING Finesse.
 13052 | Lair:5   | 13052 ||| INVOKING Heroism.
 13079 | Lair:5   | HP: 18/83 [Sonja/+0 short sword of distortion (18)]
 13080 | Lair:5   | 13080 ||| READING 5 scrolls of teleportation.
 13081 | Lair:5   | 13081 ||| DRINKING potion of heal wounds.
 13083 | Lair:5   | Killed Sonja
 13091 | Lair:5   | HP: 14/84 [cane toad (16)]
 13092 | Lair:5   | 13092 ||| READING 4 scrolls of teleportation.
 13104 | Lair:5   | 13104 ||| INVOKING Heroism.
 13108 | Lair:5   | 13108 ||| READING 3 scrolls of teleportation.
 13113 | Lair:5   | 13113 ||| READING 2 scrolls of teleportation.
 13116 | Lair:5   | HP: 20/84 [electric eel/bolt of electricity (1)]
 13117 | Lair:5   | 13117 ||| READING scroll of teleportation.
 13121 | Lair:5   | HP: 1/84 [elephant (13)]
 13125 | Lair:5   | Slain by an elephant

Levels and vault maps discovered:
D:1:      minmay_arrival_radiant_lines, layout_basic, minmay_crystal_water
D:2:      layout_rooms
D:3:      layout_loops_cross, ashenzari_altar_1, minmay_starry_boxes
D:4:      layout_cave_pools, minmay_temple_entry_waves
D:5:      layout_basic, nicolae_sif_muna_condensation
D:6:      layout_gridville
D:7:      layout_basic, enter_bailey_6
D:8:      layout_rooms, old_standard_altar, david_lair_generic, minivault_22
Temple:   nicolae_temple_superstar
Lair:1:   layout_cave_pods, chequers_serial_rivers_micro_c
Lair:2:   layout_roguey, guppyfry_snake_entry_island
Lair:3:   layout_layer_cave, minmay_shoals_entry_hut, wad_woods_road_06,
          pdpol_lair_cavern_descent, lemuel_fruit_tree
Lair:4:   layout_roguey, dpeg_slime_entry_corner, bobbens_dragon_lair_wall,
          serial_bayou_shore_a, grunt_megastairs_4, uniq_snorg
Lair:5:   minmay_lair_end_frog_pond, layout_regular_city, basic_altar,
          serial_bayou_shore_b, uniq_sonja

Skill      XL: |  1  2  3  4  5  6  7  8  9 10 11 12 13 |
---------------+----------------------------------------+-----
Axes           | 2 3 4 5 6 7 8 9 10 11 13 14 | 14.0
Fighting       | 4 5 7 8 9 10 11 | 11.0
Dodging        | 1 2 |  2.0
Invocations    | 1 4 6 9 10 | 10.0
Armour         | 4 5 6 8 9 10 | 10.0
Throwing       | 1 2 3 4 |  4.0
Shields        | 4 5 6 7 |  7.2

Action                     |  1- 3 |  4- 6 |  7- 9 | 10-12 | 13-15 || total
---------------------------+-------+-------+-------+-------+-------++-------
  Melee: War axe           |   106 |   223 |    88 |       |       ||   417
         Broad axe         |       |       |   134 |   490 |   177 ||   801
  Throw: Boomerang         |       |    45 |    30 |     8 |    11 ||    94
         Javelin           |       |       |    15 |    62 |    10 ||    87
 Invoke: Heroism           |       |       |    11 |    24 |     7 ||    42
         Finesse           |       |       |       |     2 |     2 ||     4
    Use: Scroll            |     2 |    14 |     4 |     6 |     6 ||    32
         Potion            |     1 |     2 |     5 |     1 |     1 ||    10
   Stab: Distracted        |       |     1 |       |       |       ||     1
 Armour: Scale mail        |    53 |    65 |       |       |       ||   118
         Chain mail        |       |   117 |   164 |    95 |       ||   376
         Plate armour      |       |       |       |   298 |   158 ||   456
  Dodge: Dodged            |    57 |   105 |    89 |   175 |    69 ||   495
  Block: Buckler           |    17 |    46 |    44 |   130 |    47 ||   284

Table legend:
 A = Non-vault XP
 B = Vault XP
 C = Vault XP percentage of total XP
 D = Non-vault monster count
 E = Vault monster count
 F = Vault count percentage of total count
                 A         B        C        D         E       F
            +---------+---------+-------+---------+---------+-------
      Total |   32939 |   13957 |  29.8 |     275 |      52 |  15.9
            +---------+---------+-------+---------+---------+-------
        D:1 |      48 |       0 |   0.0 |      25 |       0 |   0.0
        D:2 |      44 |       0 |   0.0 |      15 |       0 |   0.0
        D:3 |     235 |      28 |  10.6 |      22 |       8 |  26.7
        D:4 |     162 |       0 |   0.0 |      21 |       0 |   0.0
        D:5 |     689 |       0 |   0.0 |      20 |       0 |   0.0
        D:6 |     990 |       0 |   0.0 |      21 |       0 |   0.0
        D:7 |    1565 |       0 |   0.0 |      26 |       0 |   0.0
        D:8 |     529 |     993 |  65.2 |       9 |       4 |  30.8
     Lair:1 |    3734 |       0 |   0.0 |      19 |       0 |   0.0
     Lair:2 |    2757 |     329 |  10.7 |      14 |       2 |  12.5
     Lair:3 |    6539 |    2794 |  29.9 |      26 |      10 |  27.8
     Lair:4 |    8201 |    7589 |  48.1 |      35 |      21 |  37.5
     Lair:5 |    7446 |    2224 |  23.0 |      22 |       7 |  24.1
            +---------+---------+-------+---------+---------+-------
